 Dungeon Crawl Stone Soup version 0.16.2-3-ga078185 (webtiles) character file.

299 dvd the Charmwright (level 6, 0/41 HPs)
             Began as a High Elf Skald on Sept 9, 2015.
             Slain by a hound (5 damage)
             ... on level 4 of the Dungeon.
             The game lasted 00:25:43 (4581 turns).

dvd the Charmwright (High Elf Skald)                Turns: 4581, Time: 00:25:43

Health: 0/41       AC:  4    Str: 11    XL:     6   Next: 13%
Magic:  10/18      EV: 12    Int: 18    God:
Gold:   128        SH:  0    Dex: 15    Spells: 4 memorised, 5 levels left

rFire  . . .     SeeInvis .     j - +0 falchion
rCold  . . .     Clarity  .     f - +1 leather armour
rNeg   . . .     SustAb   .     (no shield)
rPois  .         Gourm    .     (no helmet)
rElec  .         Spirit   .     (no cloak)
rCorr  .         Warding  .     (no gloves)
rMut   .         Stasis   .     (no boots)
MR     .....                    (no amulet)
Stlth  +.........               (no ring)
                                (no ring)

@: regenerating, not resistant to hostile enchantments, very unstealthy
A: no striking features
a: no special abilities


You were on level 4 of the Dungeon.
You were not hungry.

You visited 1 branch of the dungeon, and saw 4 of its levels.

You collected 128 gold pieces.

Inventory:

Hand weapons
 a - a +0 falchion
 j - a +0 falchion (weapon)
 o - a cursed -1 spear
Missiles
 p - 4 tomahawks (quivered)
Armour
 f - a +1 leather armour (worn)
 l - a +0 robe
Scrolls
 b - 5 scrolls of identify
 n - a scroll of remove curse
 s - a scroll of amnesia {unknown}
Potions
 e - a potion of curing
 g - a potion of agility
 h - a potion of resistance {unknown}
 i - 2 potions of mutation {unknown}
 k - a potion of brilliance
 q - a potion of berserk rage {unknown}
Books
 c - a book of Battle

   Spells                             Type                      Level
   a - Infusion                       Charms                       1
   b - Shroud of Golubria             Charms/Translocation         2
   c - Song of Slaying                Charms                       2
   d - Spectral Weapon                Hexes/Charms                 3
   e - Regeneration                   Charms/Necromancy            3
Comestibles
 d - a bread ration


   Skills:
 + Level 2.5 Fighting
 + Level 3.4 Long Blades
 + Level 2.0 Armour
 + Level 2.7 Dodging
 + Level 4.3 Spellcasting
 + Level 4.8 Charms
 + Level 1.2 Translocations


You had 5 spell levels left.
You knew the following spells:

 Your Spells              Type           Power        Failure   Level  Hunger
a - Infusion              Chrm           ###...       2%          1    None
b - Song of Slaying       Chrm           ###.....     4%          2    ##.....
c - Shroud of Golubria    Chrm/Tloc      ##........   10%         2    ##.....
d - Regeneration          Chrm/Necr      ##........   21%         3    ###....


Dungeon Overview and Level Annotations

Branches:
Dungeon (4/15)
 Temple: D:4-7

Altars:

Annotations:
D:4 Prince Ribbit; dscm's ghost, average OpEE


Message History

Drink which item? (? for menu, Esc to quit)
It was a potion of curing.
You feel better. The worker ant bites you.
* * * LOW HITPOINT WARNING * * *
The hound bites you.
* * * LOW HITPOINT WARNING * * *
The hound misses you. The worker ant closely misses you.
The hound closely misses you.
The phantom blinks!
The hound closely misses you. The worker ant completely misses you.
Things that are here:
a scythe; a robe The hound closely misses you.
The hound bites you but does no damage.
All of the chunks of flesh in your inventory have rotted away.
Casting: Shroud of Golubria
Confirm with . or Enter, or press ? or * to list all spells.
Your skin crawls.
The hound closely misses you. The hound bites you.
* * * LOW HITPOINT WARNING * * *
The hound bites you.
You die...

####..............
#.##...........###
#.).rW.........#
#g##############
#W##<# #.##.#
#a##.# #h##.#
#@##.# #.##.#
#.##.# #.##.#
#....# ######


You could see a phantom, a hound, a worker ant and a goblin.

Vanquished Creatures
  An ogre (D:4)
  Sigmund (D:4)
  5 adders
  A giant mite (D:1)
  3 worms
  2 giant geckos (D:3)
  2 orcs (D:3)
  9 bats
  A bat zombie (D:3)
  7 hobgoblins
  5 jackals
  A quokka (D:3)
  A ball python (D:3)
  6 giant cockroaches
  6 giant newts
  13 goblins
  6 kobolds
  8 rats
78 creatures vanquished.

Vanquished Creatures (others)
  2 jackals (D:2)
2 creatures vanquished.

Grand Total: 80 creatures vanquished

Notes
Turn   | Place    | Note
--------------------------------------------------------------
     0 | D:1      | dvd, the High Elf Skald, began the quest for the Orb.
     0 | D:1      | Reached XP level 1. HP: 14/14 MP: 4/4
    51 | D:1      | Reached skill level 4 in Charms
   116 | D:1      | Reached skill level 1 in Armour
   190 | D:1      | Reached XP level 2. HP: 17/19 MP: 3/6
   223 | D:1      | Learned a level 2 spell: Song of Slaying
   226 | D:1      | Learned a level 2 spell: Shroud of Golubria
  1218 | D:1      | Reached XP level 3. HP: 12/24 MP: 1/8
  2226 | D:2      | HP: 1/24 [poisoned by an adder]
  2232 | D:2      | Reached XP level 4. HP: 20/29 MP: 9/11
  3999 | D:3      | Learned a level 3 spell: Regeneration
  4246 | D:3      | Reached XP level 5. HP: 35/35 MP: 11/14
  4263 | D:4      | Noticed dscm's ghost (average OpEE)
  4319 | D:4      | Noticed Sigmund
  4352 | D:4      | Killed Sigmund
  4519 | D:4      | Noticed an ogre
  4519 | D:4      | Noticed a phantom
  4520 | D:4      | Noticed Prince Ribbit
  4534 | D:4      | Killed an ogre
  4534 | D:4      | Reached skill level 1 in Translocations
  4534 | D:4      | Reached XP level 6. HP: 41/41 MP: 9/18
  4581 | D:4      | Slain by a hound

Action                   |  1- 3 |  4- 6 || total
-------------------------+-------+-------++-------
Melee: Falchion          |   137 |   148 ||   285
 Cast: Infusion          |    13 |    16 ||    29
       Shroud of Golubri |     3 |    10 ||    13
       Song of Slaying   |     2 |     2 ||     4
       Regeneration      |       |     2 ||     2
  Use: Scroll            |     2 |     2 ||     4
       Potion            |     3 |     1 ||     4
 Stab: Sleeping          |     1 |     1 ||     2
  Eat: Chunk             |     4 |     9 ||    13
